[ AOE2 MATCH · #475801200 ]
UnrankedKhitans vs Sicilians
[ REPLAY ANALYSIS · EXTRACTED FROM THE RECORDED GAME ]
Feudal
9:02
Castle
23:23
Imperial
39:37
| APM avg | 48.0 |
| APM peak | 87 |
| eAPM avg | 31.0 |
| Villagers / military | 244 / 1134 |
Focus
⚔️ 53.8% · 🌾 46.2%
Scout Cavalry ×661 · Unknown (882) ×305 · Skirmisher ×194 · Cavalry Archer ×149 · Unknown (1920) ×96 · Archer ×57
Feudal
8:51
Castle
22:03
Imperial
38:27
| APM avg | 79.2 |
| APM peak | 156 |
| eAPM avg | 45.7 |
| Villagers / military | 273 / 608 |
Focus
⚔️ 30.4% · 🌾 69.6%
Scorpion ×337 · Unknown (882) ×134 · Militia ×99 · Spearman ×77 · Archer ×51 · Trade Cart ×39
Feudal
8:39
Castle
21:51
Imperial
49:08
| APM avg | 82.4 |
| APM peak | 173 |
| eAPM avg | 42.3 |
| Villagers / military | 334 / 1495 |
Focus
⚔️ 66.0% · 🌾 34.0%
Scout Cavalry ×757 · Knight ×732 · Trade Cart ×38 · Spearman ×4 · Monk ×2
Feudal
9:20
Castle
24:03
Imperial
44:43
| APM avg | 40.0 |
| APM peak | 85 |
| eAPM avg | 23.4 |
| Villagers / military | 308 / 1549 |
Focus
⚔️ 37.3% · 🌾 62.7%
Spearman ×1104 · Militia ×184 · Skirmisher ×137 · Archer ×78 · Trade Cart ×66 · Composite Bowman ×29
Feudal
9:27
Castle
21:59
Imperial
36:16
| APM avg | 46.6 |
| APM peak | 84 |
| eAPM avg | 26.9 |
| Villagers / military | 231 / 1735 |
Focus
⚔️ 42.4% · 🌾 57.6%
Spearman ×999 · Skirmisher ×232 · Archer ×200 · Militia ×164 · Hand Cannoneer ×77 · Bombard Cannon ×62
Feudal
8:59
Castle
21:20
Imperial
40:20
| APM avg | 35.9 |
| APM peak | 86 |
| eAPM avg | 14.7 |
| Villagers / military | 298 / 1088 |
Focus
⚔️ 39.7% · 🌾 60.3%
Skirmisher ×708 · Knight ×221 · Scout Cavalry ×129 · Hand Cannoneer ×25 · Trade Cart ×21 · Bombard Cannon ×2
Feudal
9:16
Castle
20:40
Imperial
35:05
| APM avg | 47.4 |
| APM peak | 81 |
| eAPM avg | 28.3 |
| Villagers / military | 164 / 1031 |
Focus
⚔️ 54.5% · 🌾 45.5%
Spearman ×530 · Archer ×344 · Unknown (1959) ×86 · Mangonel ×77 · Battering Ram ×41 · Cavalry Archer ×39
Feudal
8:56
Castle
22:25
Imperial
43:21
| APM avg | 49.9 |
| APM peak | 97 |
| eAPM avg | 25.5 |
| Villagers / military | 189 / 784 |
Focus
⚔️ 28.3% · 🌾 71.7%
Camel Scout ×364 · Scout Cavalry ×338 · Unknown (882) ×120 · Trade Cart ×99 · Knight ×80 · Bombard Cannon ×2
Match map
Initial resources + every placement click. Lines = walls · curves = elevation contours. ◆ gold · ⬟ stone · ● berries · ✦ relic · ◌ wall gap
Your base· ✓ Closed at 23:23 · 32t walls · no gate
Gà Con Biết Gáy's base· Open — 4t gap
BossRice . Bán gạo ST25's base· Open — 3t gap
VNG_BOM BÔNG's base· Open — 1t gap
Giáp's base· ✓ Closed at 21:59 · 49t walls · 1 gate(s)
LONGTIGER's base· ✓ Closed at 21:20 · 55t walls · no gate
VNS_Cheng__'s base· Open — 6t gap
:))'s base· Open — unwalled flank
Smoothed initial terrain · ◌ = detected wall gap · hover for details
Inputs per minute
— Tiny Airlane - - Gà Con Biết Gáy
Build order — Tiny Airlane
First 150 of 1735 actions detected
| 0:01 | Create | Villager (Male) |
| 0:01 | Create | Villager (Male) |
| 0:02 | Create | Villager (Male) |
| 0:03 | Build | House |
| 0:04 | Build | House |
| 0:06 | Create | Villager (Male) |
| 1:24 | Create | Villager (Male) |
| 2:01 | Create | Villager (Male) |
| 2:25 | Research | Loom |
| 2:37 | Build | Mill |
| 2:40 | Build | Palisade Wall |
| 2:51 | Create | Villager (Male) |
| 2:57 | Create | Villager (Male) |
| 3:18 | Create | Villager (Male) |
| 3:29 | Build | House |
| 3:57 | Create | Villager (Male) |
| 4:22 | Create | Villager (Male) |
| 4:22 | Create | Villager (Male) |
| 4:33 | Build | Lumber Camp |
| 5:16 | Create | Villager (Male) |
| 5:17 | Create | Villager (Male) |
| 5:57 | Create | Villager (Male) |
| 6:52 | Research | Feudal Age |
| 7:17 | Build | Mining Camp |
| 7:41 | Build | House |
| 8:05 | Build | Barracks |
| 8:30 | Create | Villager (Male) |
| 9:02 | Age | Feudal Age |
| 9:06 | Build | Archery Range |
| 9:09 | Create | Spearman |
| 9:24 | Create | Villager (Male) |
| 9:41 | Build | House |
| 9:49 | Create | Villager (Male) |
| 9:59 | Create | Archer |
| 10:06 | Build | Archery Range |
| 10:20 | Create | Villager (Male) |
| 10:37 | Create | Archer |
| 10:41 | Build | Palisade Wall |
| 10:50 | Create | Villager (Male) |
| 10:56 | Create | Archer |
| 11:08 | Create | Villager (Male) |
| 11:13 | Build | Blacksmith |
| 11:15 | Create | Archer |
| 11:30 | Build | House |
| 11:40 | Create | Villager (Male) |
| 11:45 | Create | Archer |
| 11:51 | Build | House |
| 12:01 | Create | Archer |
| 12:17 | Create | Villager (Male) |
| 12:30 | Build | House |
| 12:35 | Create | Archer |
| 12:38 | Create | Archer |
| 12:45 | Research | Fletching |
| 12:50 | Create | Villager (Male) |
| 13:14 | Create | Archer |
| 13:16 | Create | Villager (Male) |
| 13:41 | Build | Palisade Wall |
| 13:43 | Create | Archer |
| 13:47 | Create | Archer |
| 13:49 | Create | Villager (Male) |
| 13:54 | Build | Pasture |
| 14:04 | Create | Spearman |
| 14:19 | Create | Archer |
| 14:19 | Create | Archer |
| 14:20 | Create | Villager (Male) |
| 14:24 | Build | Pasture |
| 14:37 | Build | House |
| 14:38 | Build | Palisade Wall |
| 14:42 | Build | House |
| 14:50 | Research | Double-Bit Axe |
| 15:08 | Create | Archer |
| 15:23 | Build | Pasture |
| 15:25 | Create | Villager (Male) |
| 15:41 | Create | Villager (Male) |
| 15:43 | Build | Pasture |
| 16:01 | Create | Villager (Male) |
| 16:10 | Build | Mill |
| 16:13 | Create | Archer |
| 16:13 | Create | Archer |
| 16:20 | Create | Archer |
| 16:20 | Create | Archer |
| 16:31 | Create | Villager (Male) |
| 16:37 | Create | Villager (Male) |
| 16:40 | Build | Pasture |
| 16:47 | Create | Villager (Male) |
| 16:58 | Build | House |
| 17:05 | Create | Archer |
| 17:06 | Create | Archer |
| 17:11 | Create | Villager (Male) |
| 17:20 | Create | Villager (Male) |
| 17:29 | Create | Archer |
| 17:29 | Create | Archer |
| 17:39 | Build | Palisade Wall |
| 17:55 | Create | Villager (Male) |
| 17:59 | Build | Pasture |
| 18:00 | Create | Villager (Male) |
| 18:24 | Build | Pasture |
| 18:31 | Create | Archer |
| 18:31 | Create | Archer |
| 18:37 | Build | House |
| 18:48 | Create | Villager (Male) |
| 18:59 | Build | Market |
| 19:02 | Create | Archer |
| 19:02 | Create | Archer |
| 19:08 | Create | Villager (Male) |
| 19:58 | Create | Archer |
| 19:59 | Create | Archer |
| 20:17 | Build | House |
| 20:36 | Build | Lumber Camp |
| 20:43 | Research | Castle Age |
| 20:45 | Create | Archer |
| 20:45 | Create | Archer |
| 20:59 | Research | Gold Mining |
| 21:19 | Create | Archer |
| 21:20 | Create | Archer |
| 21:29 | Build | Archery Range |
| 21:38 | Research | Tech 1014 |
| 21:45 | Create | Archer |
| 21:45 | Create | Archer |
| 22:15 | Create | Archer |
| 22:39 | Create | Archer |
| 22:41 | Create | Archer |
| 22:46 | Create | Villager (Male) |
| 23:10 | Create | Archer |
| 23:18 | Build | Palisade Wall |
| 23:23 | Age | Castle Age |
| 23:26 | Research | Crossbowman (upgrade) |
| 23:27 | Research | Crossbowman (upgrade) |
| 23:28 | Research | Bow Saw |
| 23:29 | Research | Bow Saw |
| 23:30 | Create | Villager (Male) |
| 23:35 | Build | University |
| 23:46 | Create | Archer |
| 23:47 | Create | Archer |
| 24:09 | Create | Archer |
| 24:09 | Create | Archer |
| 24:10 | Create | Villager (Male) |
| 24:12 | Build | Pasture |
| 24:14 | Build | House |
| 24:15 | Build | House |
| 24:20 | Create | Archer |
| 24:28 | Create | Archer |
| 24:39 | Create | Villager (Male) |
| 24:44 | Create | Villager (Male) |
| 24:46 | Research | Wheelbarrow |
| 24:50 | Research | Town Watch |
| 24:53 | Create | Archer |
| 25:10 | Build | Pasture |
| 25:13 | Build | Pasture |
| 25:14 | Create | Villager (Male) |
Build order — Gà Con Biết Gáy
First 150 of 1375 actions detected
| 0:01 | Create | Villager (Male) |
| 0:02 | Create | Villager (Male) |
| 0:02 | Create | Villager (Male) |
| 0:02 | Create | Villager (Male) |
| 0:04 | Build | House |
| 0:05 | Build | House |
| 1:22 | Create | Villager (Male) |
| 1:22 | Create | Villager (Male) |
| 1:48 | Create | Villager (Male) |
| 2:15 | Create | Villager (Male) |
| 2:47 | Create | Villager (Male) |
| 2:47 | Create | Villager (Male) |
| 3:12 | Create | Villager (Male) |
| 3:19 | Build | Mill |
| 3:26 | Build | House |
| 3:28 | Create | Villager (Male) |
| 3:28 | Create | Villager (Male) |
| 3:52 | Create | Villager (Male) |
| 4:01 | Research | Loom |
| 4:02 | Research | Loom |
| 4:11 | Create | Villager (Male) |
| 4:12 | Create | Villager (Male) |
| 4:12 | Create | Villager (Male) |
| 4:54 | Build | Lumber Camp |
| 5:18 | Create | Villager (Male) |
| 5:32 | Create | Villager (Male) |
| 5:36 | Create | Villager (Male) |
| 5:39 | Create | Villager (Male) |
| 5:40 | Create | Villager (Male) |
| 5:53 | Create | Villager (Male) |
| 6:34 | Research | Feudal Age |
| 6:39 | Build | Mining Camp |
| 8:00 | Create | Villager (Male) |
| 8:00 | Create | Villager (Male) |
| 8:04 | Build | Barracks |
| 8:32 | Build | House |
| 8:40 | Create | Villager (Male) |
| 8:47 | Build | Palisade Wall |
| 8:51 | Age | Feudal Age |
| 9:05 | Build | Palisade Wall |
| 9:21 | Create | Villager (Male) |
| 9:29 | Build | Archery Range |
| 9:40 | Create | Villager (Male) |
| 9:52 | Create | Spearman |
| 9:56 | Build | Blacksmith |
| 10:03 | Build | Archery Range |
| 10:29 | Create | Villager (Male) |
| 10:45 | Create | Villager (Male) |
| 10:49 | Create | Villager (Male) |
| 10:52 | Build | House |
| 10:59 | Build | Watch Tower |
| 11:05 | Build | House |
| 11:06 | Create | Villager (Male) |
| 11:19 | Create | Villager (Male) |
| 11:30 | Build | Blacksmith |
| 12:04 | Create | Villager (Male) |
| 12:07 | Create | Villager (Male) |
| 12:09 | Create | Villager (Male) |
| 12:16 | Build | House |
| 12:20 | Create | Villager (Male) |
| 12:21 | Create | Archer |
| 12:21 | Create | Archer |
| 12:22 | Create | Archer |
| 12:22 | Create | Archer |
| 12:37 | Research | Double-Bit Axe |
| 12:41 | Create | Villager (Male) |
| 12:48 | Build | Palisade Wall |
| 12:55 | Create | Villager (Male) |
| 12:59 | Build | Farm |
| 13:04 | Build | Farm |
| 13:07 | Build | Farm |
| 13:11 | Build | Mill |
| 13:23 | Create | Archer |
| 13:34 | Build | Farm |
| 13:35 | Build | Farm |
| 13:44 | Create | Villager (Male) |
| 13:51 | Create | Archer |
| 13:51 | Create | Archer |
| 13:56 | Build | Farm |
| 14:23 | Research | Fletching |
| 14:30 | Build | Farm |
| 14:31 | Build | Farm |
| 14:38 | Create | Archer |
| 14:43 | Build | Farm |
| 14:46 | Research | Padded Archer Armor |
| 14:53 | Create | Archer |
| 14:53 | Create | Archer |
| 14:58 | Build | House |
| 15:03 | Build | Farm |
| 15:07 | Build | House |
| 15:15 | Create | Villager (Male) |
| 15:28 | Create | Archer |
| 15:30 | Create | Villager (Male) |
| 15:37 | Create | Archer |
| 15:46 | Build | Farm |
| 15:47 | Build | Farm |
| 16:00 | Build | House |
| 16:04 | Create | Archer |
| 16:04 | Create | Archer |
| 16:05 | Create | Archer |
| 16:15 | Build | Farm |
| 16:18 | Create | Villager (Male) |
| 17:20 | Create | Villager (Male) |
| 17:24 | Build | Palisade Wall |
| 17:30 | Create | Villager (Male) |
| 17:32 | Create | Villager (Male) |
| 17:34 | Create | Archer |
| 17:34 | Create | Archer |
| 17:41 | Build | Palisade Wall |
| 17:54 | Build | Market |
| 18:09 | Create | Archer |
| 18:09 | Create | Archer |
| 18:29 | Create | Villager (Male) |
| 18:31 | Build | Farm |
| 19:23 | Research | Castle Age |
| 19:32 | Create | Archer |
| 19:33 | Create | Archer |
| 19:35 | Build | House |
| 19:36 | Build | House |
| 19:43 | Build | Archery Range |
| 20:00 | Create | Archer |
| 20:02 | Create | Archer |
| 20:12 | Research | Gold Mining |
| 21:13 | Research | Horse Collar |
| 21:18 | Build | House |
| 21:38 | Create | Archer |
| 21:39 | Create | Archer |
| 22:03 | Age | Castle Age |
| 22:05 | Research | Crossbowman (upgrade) |
| 22:07 | Research | Bodkin Arrow |
| 22:07 | Research | Bodkin Arrow |
| 22:34 | Build | University |
| 22:45 | Create | Archer |
| 22:45 | Create | Archer |
| 22:47 | Research | Leather Archer Armor |
| 22:47 | Research | Leather Archer Armor |
| 22:57 | Build | House |
| 22:59 | Build | Palisade Wall |
| 23:02 | Build | Farm |
| 23:12 | Build | Lumber Camp |
| 23:19 | Build | House |
| 23:35 | Build | Lumber Camp |
| 23:48 | Create | Archer |
| 23:49 | Create | Archer |
| 24:29 | Build | Palisade Wall |
| 24:30 | Build | Palisade Wall |
| 25:29 | Research | Ballistics |
| 25:35 | Create | Villager (Male) |
| 25:36 | Create | Villager (Male) |
| 25:37 | Create | Villager (Male) |
Build order — BossRice . Bán gạo ST25
First 150 of 2067 actions detected
| 0:00 | Create | Villager (Male) |
| 0:01 | Create | Villager (Male) |
| 0:01 | Create | Villager (Male) |
| 0:01 | Create | Villager (Male) |
| 0:02 | Build | House |
| 0:04 | Build | House |
| 1:24 | Create | Villager (Male) |
| 1:56 | Create | Villager (Male) |
| 1:56 | Create | Villager (Male) |
| 2:14 | Create | Villager (Male) |
| 2:14 | Create | Villager (Male) |
| 2:55 | Create | Villager (Male) |
| 2:55 | Create | Villager (Male) |
| 3:32 | Build | Mill |
| 3:41 | Create | Villager (Male) |
| 3:42 | Create | Villager (Male) |
| 3:42 | Create | Villager (Male) |
| 3:55 | Create | Villager (Male) |
| 4:02 | Create | Villager (Male) |
| 4:02 | Create | Villager (Male) |
| 4:14 | Build | House |
| 4:28 | Create | Villager (Male) |
| 4:28 | Create | Villager (Male) |
| 5:23 | Build | Lumber Camp |
| 5:33 | Create | Villager (Male) |
| 6:29 | Research | Feudal Age |
| 6:48 | Build | Donjon |
| 7:04 | Research | Loom |
| 7:10 | Build | House |
| 8:27 | Create | Villager (Male) |
| 8:39 | Age | Feudal Age |
| 8:43 | Build | Stable |
| 8:45 | Research | Double-Bit Axe |
| 8:48 | Create | Spearman |
| 8:58 | Create | Villager (Male) |
| 9:03 | Research | Horse Collar |
| 9:17 | Create | Villager (Male) |
| 9:19 | Build | House |
| 9:29 | Create | Scout Cavalry |
| 9:31 | Create | Scout Cavalry |
| 9:41 | Create | Villager (Male) |
| 9:52 | Build | House |
| 9:56 | Build | Farm |
| 10:13 | Create | Villager (Male) |
| 10:20 | Build | Farm |
| 10:27 | Build | House |
| 10:37 | Build | Farm |
| 10:39 | Create | Villager (Male) |
| 10:42 | Build | Farm |
| 10:56 | Create | Villager (Male) |
| 10:58 | Build | House |
| 11:05 | Build | Farm |
| 11:39 | Create | Villager (Male) |
| 11:56 | Create | Villager (Male) |
| 11:57 | Create | Villager (Male) |
| 12:01 | Create | Villager (Male) |
| 12:06 | Create | Scout Cavalry |
| 12:10 | Create | Villager (Male) |
| 12:12 | Build | Farm |
| 12:14 | Build | Farm |
| 12:15 | Build | Farm |
| 12:18 | Build | House |
| 12:20 | Build | Palisade Wall |
| 12:28 | Create | Scout Cavalry |
| 12:33 | Build | Mining Camp |
| 12:37 | Build | Farm |
| 12:41 | Create | Villager (Male) |
| 13:04 | Build | Palisade Wall |
| 13:07 | Create | Scout Cavalry |
| 13:11 | Build | Farm |
| 13:24 | Build | Farm |
| 13:26 | Build | Palisade Wall |
| 13:31 | Create | Villager (Male) |
| 13:40 | Build | Farm |
| 13:49 | Build | Farm |
| 13:52 | Create | Villager (Male) |
| 13:55 | Build | Farm |
| 14:01 | Create | Scout Cavalry |
| 14:07 | Build | House |
| 14:18 | Create | Villager (Male) |
| 14:23 | Build | Blacksmith |
| 14:40 | Create | Villager (Male) |
| 14:40 | Create | Villager (Male) |
| 14:45 | Build | House |
| 14:55 | Build | Farm |
| 15:04 | Create | Villager (Male) |
| 15:07 | Build | Farm |
| 15:29 | Build | House |
| 15:32 | Create | Scout Cavalry |
| 15:37 | Research | Scale Barding Armor |
| 15:37 | Research | Scale Barding Armor |
| 15:43 | Build | Palisade Wall |
| 15:45 | Create | Villager (Male) |
| 15:55 | Build | House |
| 15:56 | Build | Palisade Wall |
| 16:24 | Create | Scout Cavalry |
| 16:35 | Create | Villager (Male) |
| 16:52 | Create | Scout Cavalry |
| 17:06 | Build | Market |
| 17:19 | Create | Villager (Male) |
| 17:25 | Build | House |
| 17:26 | Build | Palisade Wall |
| 17:36 | Create | Villager (Male) |
| 17:50 | Create | Villager (Male) |
| 18:03 | Build | Farm |
| 18:04 | Build | Farm |
| 18:04 | Build | Farm |
| 18:29 | Build | House |
| 18:39 | Create | Villager (Male) |
| 19:01 | Build | Palisade Wall |
| 19:04 | Build | Palisade Wall |
| 19:06 | Build | Palisade Wall |
| 19:06 | Build | Palisade Wall |
| 19:11 | Research | Castle Age |
| 19:31 | Build | Palisade Wall |
| 19:33 | Build | Palisade Wall |
| 19:39 | Build | Palisade Wall |
| 19:42 | Create | Spearman |
| 19:42 | Create | Spearman |
| 19:42 | Create | Spearman |
| 20:00 | Build | Lumber Camp |
| 20:30 | Build | Farm |
| 20:35 | Build | Farm |
| 20:36 | Build | Farm |
| 20:40 | Build | Farm |
| 20:45 | Research | Bloodlines |
| 21:08 | Build | Stable |
| 21:16 | Create | Villager (Male) |
| 21:51 | Age | Castle Age |
| 21:53 | Create | Knight |
| 21:53 | Create | Knight |
| 21:54 | Create | Knight |
| 22:10 | Create | Knight |
| 22:10 | Create | Knight |
| 22:19 | Research | Bow Saw |
| 22:20 | Create | Villager (Male) |
| 22:21 | Create | Villager (Male) |
| 22:34 | Build | Farm |
| 22:35 | Build | Farm |
| 22:36 | Build | Farm |
| 22:49 | Create | Knight |
| 22:56 | Research | Heavy Plow |
| 23:04 | Create | Villager (Male) |
| 23:14 | Create | Villager (Male) |
| 23:16 | Build | Monastery |
| 23:20 | Create | Knight |
| 23:21 | Create | Knight |
| 23:34 | Create | Villager (Male) |
| 23:54 | Research | Chain Barding Armor |
| 23:55 | Create | Villager (Male) |
Build order — VNG_BOM BÔNG
First 150 of 1010 actions detected
| 0:00 | Create | Villager (Male) |
| 0:01 | Create | Villager (Male) |
| 0:01 | Create | Villager (Male) |
| 0:03 | Build | House |
| 0:04 | Build | House |
| 0:56 | Create | Villager (Male) |
| 1:40 | Create | Villager (Male) |
| 1:58 | Create | Villager (Male) |
| 1:58 | Create | Villager (Male) |
| 2:20 | Create | Villager (Male) |
| 2:49 | Create | Villager (Male) |
| 3:03 | Create | Villager (Male) |
| 3:16 | Research | Loom |
| 3:33 | Create | Villager (Male) |
| 3:35 | Create | Villager (Male) |
| 3:42 | Build | Mule Cart |
| 4:16 | Build | House |
| 4:29 | Create | Villager (Male) |
| 4:29 | Create | Villager (Male) |
| 4:30 | Create | Villager (Male) |
| 5:05 | Build | Mill |
| 5:11 | Create | Villager (Male) |
| 5:24 | Create | Villager (Male) |
| 6:44 | Create | Villager (Male) |
| 7:10 | Research | Feudal Age |
| 8:14 | Build | Barracks |
| 8:34 | Build | House |
| 8:48 | Build | Mule Cart |
| 9:01 | Create | Villager (Male) |
| 9:09 | Build | House |
| 9:16 | Build | Palisade Wall |
| 9:20 | Age | Feudal Age |
| 9:28 | Build | Watch Tower |
| 9:31 | Create | Villager (Male) |
| 9:47 | Create | Spearman |
| 10:00 | Build | Archery Range |
| 10:03 | Create | Villager (Male) |
| 10:08 | Research | Double-Bit Axe |
| 10:08 | Research | Double-Bit Axe |
| 10:12 | Build | House |
| 10:34 | Build | Palisade Wall |
| 10:37 | Create | Villager (Male) |
| 10:45 | Build | Archery Range |
| 10:56 | Build | House |
| 10:59 | Create | Villager (Male) |
| 11:09 | Build | Palisade Wall |
| 11:18 | Create | Archer |
| 11:23 | Create | Archer |
| 11:29 | Create | Villager (Male) |
| 11:41 | Build | Palisade Wall |
| 11:51 | Create | Archer |
| 11:51 | Create | Archer |
| 11:51 | Create | Archer |
| 11:59 | Create | Villager (Male) |
| 12:11 | Build | Blacksmith |
| 12:31 | Create | Villager (Male) |
| 12:41 | Create | Archer |
| 12:57 | Build | Palisade Wall |
| 13:02 | Create | Villager (Male) |
| 13:22 | Create | Archer |
| 13:24 | Create | Villager (Male) |
| 13:46 | Build | Farm |
| 13:47 | Build | Farm |
| 13:48 | Build | Farm |
| 13:50 | Build | Farm |
| 13:53 | Build | Farm |
| 13:58 | Build | Mill |
| 14:01 | Build | House |
| 14:08 | Create | Villager (Male) |
| 14:22 | Build | Farm |
| 14:23 | Build | Farm |
| 14:32 | Build | House |
| 14:42 | Create | Archer |
| 14:42 | Create | Archer |
| 14:42 | Create | Archer |
| 14:43 | Create | Villager (Male) |
| 14:47 | Build | Farm |
| 14:53 | Build | Palisade Wall |
| 15:02 | Create | Villager (Male) |
| 15:12 | Build | House |
| 15:22 | Create | Archer |
| 15:22 | Create | Archer |
| 15:36 | Build | Palisade Wall |
| 15:45 | Create | Villager (Male) |
| 15:46 | Create | Archer |
| 15:46 | Create | Archer |
| 15:49 | Research | Fletching |
| 16:07 | Create | Villager (Male) |
| 16:08 | Create | Archer |
| 16:08 | Create | Archer |
| 16:36 | Create | Archer |
| 16:36 | Create | Archer |
| 16:37 | Create | Villager (Male) |
| 16:48 | Build | Farm |
| 16:50 | Build | Farm |
| 16:57 | Research | Padded Archer Armor |
| 16:57 | Research | Padded Archer Armor |
| 17:08 | Create | Villager (Male) |
| 17:15 | Create | Archer |
| 17:15 | Create | Archer |
| 17:25 | Build | House |
| 17:33 | Create | Villager (Male) |
| 17:38 | Build | House |
| 17:41 | Build | Mill |
| 17:53 | Build | House |
| 17:56 | Build | House |
| 18:01 | Create | Villager (Male) |
| 18:05 | Build | House |
| 18:07 | Create | Villager (Male) |
| 18:14 | Create | Archer |
| 18:14 | Create | Archer |
| 18:16 | Create | Villager (Male) |
| 18:41 | Build | Market |
| 18:48 | Build | Market |
| 18:51 | Create | Villager (Male) |
| 18:53 | Create | Archer |
| 18:54 | Create | Archer |
| 19:10 | Create | Villager (Male) |
| 19:59 | Create | Villager (Male) ×5 |
| 20:04 | Build | House |
| 20:07 | Build | House |
| 20:16 | Build | Palisade Gate |
| 20:20 | Build | House |
| 20:21 | Create | Villager (Male) |
| 20:26 | Create | Villager (Male) |
| 20:28 | Create | Archer |
| 20:31 | Build | Farm |
| 20:32 | Build | Farm |
| 20:40 | Build | House |
| 21:23 | Research | Castle Age |
| 21:34 | Create | Archer |
| 21:35 | Create | Archer |
| 21:40 | Build | Archery Range |
| 22:04 | Create | Archer |
| 22:04 | Create | Archer |
| 22:05 | Create | Archer |
| 22:20 | Research | Gold Mining |
| 22:20 | Research | Gold Mining |
| 22:38 | Build | Palisade Wall |
| 22:41 | Build | Farm |
| 22:50 | Create | Archer ×3 |
| 23:05 | Build | Farm |
| 23:11 | Build | House |
| 23:21 | Create | Archer |
| 23:21 | Create | Archer |
| 23:21 | Create | Archer |
| 24:03 | Age | Castle Age |
| 24:08 | Research | Crossbowman (upgrade) |
| 24:09 | Research | Bodkin Arrow |
| 24:09 | Research | Bodkin Arrow |
Build order — Giáp
First 150 of 1203 actions detected
| 0:02 | Build | House |
| 0:02 | Create | Villager (Male) |
| 0:02 | Create | Villager (Male) |
| 0:03 | Build | House |
| 0:04 | Create | Villager (Male) |
| 0:04 | Create | Villager (Male) |
| 1:28 | Create | Villager (Male) |
| 1:28 | Create | Villager (Male) |
| 2:05 | Create | Villager (Male) |
| 2:05 | Create | Villager (Male) |
| 2:17 | Research | Loom |
| 2:20 | Create | Villager (Male) |
| 2:40 | Create | Villager (Male) |
| 2:54 | Build | Mill |
| 3:12 | Create | Villager (Male) |
| 3:34 | Build | House |
| 3:37 | Create | Villager (Male) |
| 4:11 | Create | Villager (Male) |
| 4:31 | Create | Villager (Male) |
| 5:15 | Create | Villager (Male) |
| 5:16 | Create | Villager (Male) |
| 5:16 | Create | Villager (Male) |
| 5:21 | Create | Villager (Male) |
| 5:52 | Create | Villager (Male) |
| 5:53 | Create | Villager (Male) |
| 5:53 | Create | Villager (Male) |
| 6:32 | Build | Mining Camp |
| 7:17 | Research | Feudal Age |
| 7:23 | Build | Lumber Camp |
| 8:06 | Build | House |
| 8:13 | Create | Villager (Male) |
| 8:45 | Build | Barracks |
| 9:04 | Create | Villager (Male) |
| 9:22 | Create | Villager (Male) |
| 9:27 | Age | Feudal Age |
| 9:34 | Build | Archery Range |
| 9:42 | Build | Palisade Wall |
| 10:15 | Build | Archery Range |
| 10:20 | Create | Villager (Male) |
| 10:24 | Build | Palisade Wall |
| 10:26 | Build | Palisade Wall |
| 10:27 | Build | Palisade Wall |
| 10:35 | Research | Double-Bit Axe |
| 10:48 | Create | Archer |
| 10:48 | Create | Archer |
| 10:51 | Build | House |
| 11:11 | Build | Palisade Wall |
| 11:15 | Create | Villager (Male) |
| 11:17 | Create | Archer |
| 11:17 | Create | Archer |
| 11:18 | Create | Archer |
| 11:21 | Build | House |
| 11:31 | Create | Spearman |
| 11:50 | Create | Villager (Male) |
| 11:57 | Build | Palisade Wall |
| 12:04 | Build | Mill |
| 12:09 | Create | Archer |
| 12:15 | Create | Archer |
| 12:15 | Create | Archer |
| 12:23 | Create | Villager (Male) |
| 12:26 | Create | Archer |
| 12:27 | Create | Archer |
| 12:49 | Create | Villager (Male) |
| 12:55 | Build | Farm |
| 12:56 | Create | Archer |
| 13:06 | Build | House |
| 13:07 | Build | House |
| 13:17 | Build | House |
| 13:20 | Build | Farm |
| 13:29 | Create | Villager (Male) |
| 13:41 | Build | Palisade Wall |
| 13:44 | Build | Palisade Wall |
| 13:53 | Build | Palisade Wall |
| 13:54 | Create | Archer |
| 13:54 | Create | Archer |
| 13:58 | Create | Villager (Male) |
| 14:10 | Build | Farm |
| 14:27 | Build | Blacksmith |
| 14:29 | Create | Archer |
| 14:29 | Create | Archer |
| 14:31 | Build | Farm |
| 14:32 | Create | Villager (Male) |
| 14:32 | Create | Villager (Male) |
| 14:36 | Create | Archer |
| 14:56 | Build | Farm |
| 15:08 | Research | Fletching |
| 15:25 | Build | Farm |
| 15:26 | Build | Farm |
| 15:26 | Build | Farm |
| 15:26 | Build | Farm |
| 15:40 | Build | Palisade Gate |
| 15:40 | Build | Palisade Wall |
| 15:42 | Create | Archer |
| 15:42 | Create | Archer |
| 15:45 | Create | Villager (Male) |
| 15:45 | Create | Villager (Male) |
| 15:57 | Create | Villager (Male) |
| 16:04 | Build | House |
| 16:11 | Build | Farm |
| 16:15 | Create | Archer |
| 16:15 | Create | Archer |
| 16:25 | Create | Archer |
| 16:25 | Create | Archer |
| 16:26 | Create | Villager (Male) |
| 16:45 | Build | House |
| 16:48 | Create | Archer |
| 16:48 | Create | Archer |
| 16:54 | Create | Villager (Male) |
| 17:12 | Build | Watch Tower |
| 17:16 | Create | Archer |
| 17:16 | Create | Archer |
| 17:35 | Build | House |
| 17:36 | Build | House |
| 17:52 | Create | Archer |
| 17:52 | Create | Archer |
| 18:07 | Create | Archer |
| 18:08 | Create | Villager (Male) |
| 18:18 | Build | House |
| 18:22 | Build | Palisade Wall |
| 18:28 | Create | Archer |
| 18:32 | Build | House |
| 18:33 | Build | House |
| 18:49 | Create | Archer |
| 18:49 | Create | Archer |
| 18:52 | Create | Villager (Male) |
| 19:19 | Research | Castle Age |
| 19:20 | Research | Castle Age |
| 20:34 | Build | Archery Range |
| 21:01 | Create | Villager (Male) |
| 21:01 | Create | Villager (Male) |
| 21:59 | Age | Castle Age |
| 22:00 | Research | Bodkin Arrow |
| 22:00 | Research | Bodkin Arrow |
| 22:02 | Research | Padded Archer Armor |
| 22:03 | Research | Crossbowman (upgrade) |
| 22:18 | Create | Archer |
| 22:19 | Create | Archer |
| 22:23 | Build | University |
| 22:32 | Build | Market |
| 22:34 | Create | Archer |
| 22:34 | Create | Archer |
| 22:34 | Create | Archer |
| 23:05 | Create | Villager (Male) |
| 23:05 | Create | Villager (Male) |
| 23:30 | Research | Chemistry |
| 23:30 | Research | Ballistics |
| 23:32 | Create | Archer |
| 23:33 | Create | Archer |
| 23:40 | Create | Villager (Male) |
| 23:40 | Create | Villager (Male) |
Build order — LONGTIGER
First 150 of 983 actions detected
| 0:00 | Create | Villager (Male) |
| 0:00 | Create | Villager (Male) |
| 0:02 | Build | House |
| 0:03 | Build | House |
| 0:08 | Create | Villager (Male) |
| 0:08 | Create | Villager (Male) |
| 1:26 | Create | Villager (Male) |
| 1:49 | Create | Villager (Male) |
| 1:52 | Build | Lumber Camp |
| 2:33 | Create | Villager (Male) |
| 3:00 | Create | Villager (Male) |
| 3:00 | Create | Villager (Male) |
| 3:00 | Create | Villager (Male) |
| 3:38 | Create | Villager (Male) |
| 3:38 | Create | Villager (Male) |
| 3:58 | Build | House |
| 4:18 | Create | Villager (Male) |
| 4:19 | Create | Villager (Male) |
| 4:19 | Create | Villager (Male) |
| 4:31 | Create | Villager (Male) |
| 4:31 | Create | Villager (Male) |
| 4:45 | Create | Villager (Male) |
| 4:52 | Research | Loom |
| 5:08 | Build | Mill |
| 5:29 | Create | Villager (Male) |
| 5:30 | Create | Villager (Male) |
| 5:31 | Create | Villager (Male) |
| 6:42 | Research | Feudal Age |
| 7:36 | Build | Barracks |
| 8:02 | Build | House |
| 8:06 | Build | Palisade Wall |
| 8:08 | Build | Palisade Wall |
| 8:10 | Build | Palisade Wall |
| 8:22 | Create | Villager (Male) |
| 8:22 | Create | Villager (Male) |
| 8:59 | Age | Feudal Age |
| 9:00 | Build | Stable |
| 9:02 | Create | Villager (Male) |
| 9:13 | Build | Palisade Wall |
| 9:15 | Build | Palisade Wall |
| 9:18 | Build | Palisade Wall |
| 9:30 | Research | Double-Bit Axe |
| 9:31 | Create | Villager (Male) |
| 9:59 | Create | Villager (Male) |
| 10:00 | Create | Scout Cavalry |
| 10:00 | Create | Scout Cavalry |
| 10:16 | Create | Villager (Male) |
| 10:20 | Build | Farm |
| 10:22 | Build | Farm |
| 10:23 | Build | Farm |
| 10:25 | Build | Farm |
| 10:37 | Build | House |
| 10:41 | Build | Palisade Wall |
| 10:45 | Build | House |
| 10:49 | Research | Town Watch |
| 10:49 | Research | Town Watch |
| 11:02 | Build | Farm |
| 11:11 | Build | Palisade Wall |
| 11:15 | Create | Villager (Male) |
| 11:29 | Create | Scout Cavalry |
| 11:38 | Build | Mining Camp |
| 11:57 | Create | Villager (Male) |
| 12:03 | Build | Farm |
| 12:09 | Build | House |
| 12:11 | Build | Palisade Wall |
| 12:14 | Build | Palisade Wall |
| 12:17 | Build | Palisade Wall |
| 12:22 | Create | Scout Cavalry |
| 12:22 | Create | Villager (Male) |
| 12:42 | Build | Farm |
| 12:58 | Create | Villager (Male) |
| 13:08 | Create | Scout Cavalry |
| 13:09 | Create | Villager (Male) |
| 13:13 | Build | House |
| 13:34 | Build | Blacksmith |
| 13:55 | Create | Scout Cavalry |
| 13:56 | Create | Villager (Male) |
| 14:02 | Build | Mill |
| 14:07 | Build | Farm |
| 14:24 | Create | Villager (Male) |
| 14:25 | Create | Scout Cavalry |
| 14:49 | Build | Farm |
| 14:56 | Create | Villager (Male) |
| 14:58 | Create | Scout Cavalry |
| 15:15 | Build | Farm |
| 15:18 | Build | Farm |
| 15:22 | Create | Villager (Male) |
| 15:28 | Build | House |
| 15:30 | Build | House |
| 15:36 | Research | Scale Barding Armor |
| 15:36 | Research | Scale Barding Armor |
| 16:01 | Create | Villager (Male) |
| 16:12 | Build | Farm |
| 16:26 | Research | Wheelbarrow |
| 16:32 | Build | Farm |
| 16:39 | Build | Farm |
| 17:06 | Create | Villager (Male) |
| 17:14 | Build | Farm |
| 17:15 | Build | Farm |
| 18:09 | Create | Villager (Male) |
| 18:26 | Build | House |
| 18:32 | Build | House |
| 18:40 | Research | Castle Age |
| 18:40 | Research | Castle Age |
| 18:42 | Build | Farm |
| 18:49 | Build | Market |
| 18:54 | Build | House |
| 18:57 | Build | House |
| 19:16 | Research | Bloodlines |
| 19:34 | Build | Watch Tower |
| 20:29 | Build | Lumber Camp |
| 20:41 | Research | Forging |
| 20:49 | Build | House |
| 21:11 | Create | Villager (Male) |
| 21:11 | Create | Villager (Male) |
| 21:20 | Age | Castle Age |
| 21:22 | Research | Chain Barding Armor |
| 21:23 | Create | Knight |
| 21:24 | Create | Knight |
| 21:41 | Research | Bow Saw |
| 21:41 | Research | Bow Saw |
| 21:52 | Create | Knight |
| 22:04 | Create | Villager (Male) |
| 22:15 | Create | Villager (Male) |
| 22:24 | Build | Mining Camp |
| 22:33 | Create | Villager (Male) |
| 22:38 | Create | Knight |
| 22:54 | Create | Villager (Male) |
| 23:03 | Create | Knight |
| 23:29 | Create | Knight |
| 23:32 | Create | Villager (Male) |
| 24:06 | Build | Town Center |
| 24:11 | Create | Villager (Male) |
| 24:13 | Create | Knight |
| 24:25 | Research | Husbandry |
| 24:25 | Research | Husbandry |
| 24:30 | Create | Villager (Male) |
| 24:45 | Create | Knight |
| 24:48 | Create | Villager (Male) |
| 24:48 | Create | Villager (Male) |
| 25:03 | Create | Knight |
| 25:12 | Create | Knight |
| 25:40 | Create | Villager (Male) |
| 25:40 | Create | Villager (Male) |
| 25:53 | Research | Horse Collar |
| 25:56 | Research | Gold Mining |
| 26:24 | Create | Knight ×2 |
| 26:29 | Create | Knight |
| 26:37 | Create | Villager (Male) |
| 26:37 | Create | Villager (Male) |
Build order — VNS_Cheng__
First 150 of 1615 actions detected
| 0:00 | Create | Villager (Male) |
| 0:01 | Build | House |
| 0:02 | Build | House |
| 0:08 | Create | Villager (Male) |
| 0:29 | Create | Villager (Male) |
| 0:30 | Create | Villager (Male) |
| 1:34 | Create | Villager (Male) |
| 1:53 | Create | Villager (Male) |
| 2:17 | Create | Villager (Male) |
| 2:46 | Create | Villager (Male) |
| 2:46 | Research | Loom |
| 2:53 | Build | Mill |
| 3:10 | Create | Villager (Male) |
| 3:11 | Create | Villager (Male) |
| 3:36 | Create | Villager (Male) |
| 4:15 | Build | House |
| 4:17 | Create | Villager (Male) |
| 4:25 | Build | House |
| 4:39 | Create | Villager (Male) |
| 4:47 | Create | Villager (Male) |
| 4:48 | Create | Villager (Male) |
| 5:22 | Create | Villager (Male) |
| 5:27 | Build | Lumber Camp |
| 6:25 | Create | Villager (Male) |
| 6:54 | Create | Villager (Male) |
| 7:04 | Research | Feudal Age |
| 7:39 | Build | Mining Camp |
| 8:07 | Build | Barracks |
| 9:16 | Age | Feudal Age |
| 9:16 | Create | Villager (Male) |
| 9:18 | Build | Archery Range |
| 9:23 | Research | Double-Bit Axe |
| 9:24 | Research | Double-Bit Axe |
| 9:26 | Create | Villager (Male) |
| 9:39 | Build | House |
| 9:43 | Create | Villager (Male) |
| 10:02 | Create | Villager (Male) |
| 10:04 | Build | Archery Range |
| 10:06 | Create | Archer |
| 10:16 | Create | Archer |
| 10:23 | Build | House |
| 10:39 | Create | Archer |
| 10:55 | Create | Archer |
| 10:57 | Build | House |
| 10:59 | Create | Villager (Male) |
| 11:06 | Build | Palisade Wall |
| 11:11 | Create | Archer |
| 11:13 | Create | Villager (Male) |
| 11:27 | Create | Archer |
| 11:27 | Create | Archer |
| 11:29 | Create | Villager (Male) |
| 11:50 | Build | Blacksmith |
| 11:52 | Create | Villager (Male) |
| 11:59 | Create | Archer |
| 12:02 | Create | Archer |
| 12:04 | Create | Villager (Male) |
| 12:28 | Create | Villager (Male) |
| 12:33 | Build | Mill |
| 12:35 | Research | Fletching |
| 12:36 | Create | Archer |
| 12:36 | Create | Archer |
| 12:40 | Create | Villager (Male) |
| 12:56 | Build | Farm |
| 13:01 | Create | Archer |
| 13:19 | Build | Farm |
| 13:29 | Build | Farm |
| 13:34 | Create | Archer |
| 13:35 | Create | Archer |
| 13:51 | Build | House |
| 14:04 | Create | Archer |
| 14:05 | Create | Archer |
| 14:08 | Build | House |
| 14:17 | Build | Farm |
| 14:18 | Create | Villager (Male) |
| 14:38 | Create | Villager (Male) |
| 14:40 | Build | Farm |
| 14:44 | Create | Villager (Male) |
| 14:46 | Build | House |
| 14:51 | Create | Archer |
| 14:51 | Create | Archer |
| 14:53 | Create | Villager (Male) |
| 14:55 | Build | Farm |
| 15:06 | Create | Archer |
| 15:06 | Create | Archer |
| 15:23 | Create | Archer |
| 15:25 | Create | Villager (Male) |
| 15:27 | Build | Farm |
| 15:41 | Create | Villager (Male) |
| 15:42 | Build | Farm |
| 15:47 | Create | Archer |
| 15:47 | Create | Archer |
| 16:22 | Create | Archer |
| 16:23 | Create | Archer |
| 16:23 | Create | Villager (Male) |
| 16:25 | Build | Farm |
| 16:30 | Build | Farm |
| 16:48 | Build | Farm |
| 16:50 | Build | House |
| 17:04 | Create | Archer |
| 17:04 | Create | Archer |
| 17:10 | Create | Villager (Male) |
| 17:20 | Build | House |
| 17:33 | Create | Villager (Male) |
| 17:36 | Build | Lumber Camp |
| 17:48 | Create | Archer |
| 17:49 | Create | Archer |
| 18:00 | Research | Castle Age |
| 18:12 | Research | Padded Archer Armor |
| 18:12 | Research | Padded Archer Armor |
| 18:30 | Create | Archer |
| 18:35 | Create | Archer |
| 18:37 | Research | Gold Mining |
| 18:42 | Build | House |
| 18:46 | Research | Horse Collar |
| 19:10 | Create | Archer |
| 19:11 | Create | Archer |
| 19:15 | Build | Lumber Camp |
| 19:20 | Create | Archer |
| 19:32 | Build | House |
| 19:38 | Build | House |
| 19:41 | Create | Archer |
| 20:02 | Create | Archer |
| 20:02 | Create | Archer |
| 20:40 | Age | Castle Age |
| 20:43 | Research | Crossbowman (upgrade) |
| 20:43 | Research | Bodkin Arrow |
| 20:46 | Create | Villager (Male) |
| 20:46 | Create | Villager (Male) |
| 20:49 | Build | University |
| 21:02 | Create | Villager (Male) |
| 21:07 | Create | Archer |
| 21:08 | Create | Archer |
| 21:22 | Create | Archer |
| 21:27 | Research | Bow Saw |
| 21:27 | Research | Bow Saw |
| 21:41 | Create | Archer |
| 21:53 | Create | Villager (Male) |
| 22:20 | Create | Villager (Male) |
| 22:28 | Build | House |
| 22:30 | Build | Palisade Wall |
| 22:32 | Build | House |
| 22:33 | Build | Palisade Wall |
| 22:35 | Build | Palisade Wall |
| 22:37 | Build | Palisade Wall |
| 22:38 | Build | Farm |
| 22:42 | Research | Ballistics |
| 22:43 | Create | Archer |
| 22:43 | Create | Archer |
| 22:46 | Create | Villager (Male) |
| 23:00 | Create | Villager (Male) |
Build order — :))
First 150 of 939 actions detected
| 0:00 | Create | Villager (Male) |
| 0:01 | Create | Villager (Male) |
| 0:01 | Create | Villager (Male) |
| 0:02 | Build | House |
| 0:03 | Build | House |
| 0:07 | Create | Villager (Male) |
| 1:25 | Create | Villager (Male) |
| 1:49 | Create | Villager (Male) |
| 2:36 | Create | Villager (Male) |
| 2:58 | Create | Villager (Male) |
| 3:08 | Build | Mill |
| 3:26 | Create | Villager (Male) |
| 3:34 | Build | House |
| 3:38 | Create | Villager (Male) |
| 4:14 | Create | Villager (Male) |
| 4:22 | Create | Villager (Male) |
| 4:32 | Create | Villager (Male) |
| 5:19 | Create | Villager (Male) |
| 5:34 | Build | Lumber Camp |
| 5:36 | Create | Villager (Male) |
| 6:11 | Research | Loom |
| 6:28 | Research | Feudal Age |
| 7:24 | Build | House |
| 8:20 | Create | Villager (Male) |
| 8:23 | Build | Barracks |
| 8:56 | Age | Feudal Age |
| 9:17 | Build | Stable |
| 9:21 | Create | Villager (Male) |
| 9:36 | Create | Villager (Male) |
| 9:39 | Research | Double-Bit Axe |
| 9:45 | Build | House |
| 9:47 | Build | Palisade Wall |
| 10:04 | Create | Villager (Male) |
| 10:07 | Create | Scout Cavalry |
| 10:08 | Create | Scout Cavalry |
| 10:11 | Research | Horse Collar |
| 10:32 | Build | Farm |
| 10:35 | Build | Farm |
| 10:37 | Create | Villager (Male) |
| 10:56 | Build | Mill |
| 11:07 | Create | Villager (Male) |
| 11:13 | Create | Villager (Male) |
| 11:18 | Build | Farm |
| 11:25 | Create | Scout Cavalry |
| 11:52 | Create | Scout Cavalry |
| 11:58 | Create | Villager (Male) |
| 12:01 | Build | Market |
| 12:17 | Build | Farm |
| 12:18 | Build | Farm |
| 12:18 | Build | Farm |
| 12:19 | Create | Villager (Male) |
| 12:45 | Build | House |
| 12:47 | Build | Palisade Wall |
| 12:51 | Create | Villager (Male) |
| 12:52 | Create | Scout Cavalry |
| 12:55 | Build | House |
| 13:13 | Build | Farm |
| 13:25 | Create | Villager (Male) |
| 13:27 | Build | Blacksmith |
| 13:31 | Create | Villager (Male) |
| 13:38 | Build | Farm |
| 13:42 | Research | Bloodlines |
| 13:59 | Create | Villager (Male) |
| 14:01 | Build | Farm |
| 14:05 | Create | Villager (Male) |
| 14:23 | Create | Villager (Male) |
| 14:27 | Build | Farm |
| 14:35 | Create | Villager (Male) |
| 14:38 | Build | Farm |
| 14:46 | Build | Farm |
| 14:47 | Build | Farm |
| 14:50 | Create | Scout Cavalry |
| 15:01 | Build | Farm |
| 15:04 | Build | House |
| 15:15 | Create | Villager (Male) |
| 15:17 | Build | Farm |
| 15:20 | Create | Scout Cavalry |
| 15:39 | Build | Palisade Wall |
| 15:43 | Create | Scout Cavalry |
| 16:09 | Create | Villager (Male) |
| 16:31 | Create | Villager (Male) |
| 16:31 | Create | Scout Cavalry |
| 16:46 | Build | Farm |
| 16:55 | Build | Mining Camp |
| 17:03 | Build | Farm |
| 17:06 | Create | Scout Cavalry |
| 17:18 | Build | Farm |
| 17:21 | Create | Villager (Male) |
| 17:24 | Build | Farm |
| 17:35 | Build | Farm |
| 17:40 | Create | Scout Cavalry |
| 17:42 | Create | Villager (Male) |
| 17:47 | Build | House |
| 17:59 | Build | Farm |
| 18:10 | Create | Villager (Male) |
| 18:25 | Create | Villager (Male) |
| 18:32 | Research | Forging |
| 18:47 | Build | Farm |
| 18:48 | Build | Farm |
| 18:50 | Create | Villager (Male) |
| 19:07 | Build | Farm |
| 19:46 | Research | Castle Age |
| 20:11 | Research | Gold Mining |
| 20:16 | Research | Scale Barding Armor |
| 20:47 | Research | Forging |
| 21:07 | Build | Stable |
| 21:32 | Build | Lumber Camp |
| 21:34 | Create | Villager (Male) |
| 22:25 | Age | Castle Age |
| 22:29 | Research | Chain Barding Armor |
| 22:30 | Create | Knight |
| 22:44 | Create | Villager (Male) |
| 22:48 | Research | Heavy Plow |
| 22:49 | Create | Villager (Male) |
| 22:50 | Create | Knight |
| 23:03 | Research | Husbandry |
| 23:05 | Research | Bow Saw |
| 23:06 | Create | Villager (Male) |
| 23:12 | Create | Knight |
| 23:20 | Build | House |
| 23:36 | Create | Knight |
| 23:41 | Build | House |
| 23:54 | Create | Villager (Male) |
| 24:12 | Create | Knight |
| 24:13 | Create | Villager (Male) |
| 24:31 | Create | Camel Scout |
| 24:38 | Build | Farm |
| 24:46 | Create | Villager (Male) |
| 24:57 | Create | Knight |
| 24:58 | Create | Villager (Male) |
| 25:02 | Research | Iron Casting |
| 25:05 | Create | Knight |
| 25:24 | Build | Town Center |
| 25:29 | Create | Knight |
| 25:30 | Create | Villager (Male) |
| 25:43 | Create | Villager (Male) |
| 25:50 | Create | Villager (Male) |
| 25:51 | Create | Knight |
| 25:58 | Build | House |
| 26:12 | Build | House |
| 26:21 | Create | Knight |
| 26:26 | Build | Farm |
| 26:43 | Create | Knight |
| 26:43 | Create | Knight |
| 27:03 | Create | Villager (Male) |
| 27:14 | Create | Knight |
| 27:25 | Create | Villager (Male) |
| 27:26 | Create | Villager (Male) |
| 27:32 | Create | Knight |
| 27:41 | Create | Villager (Male) |
Match timeline
| 2:40 | Tiny Airlane · wall_segment Palisade Wall x1 |
| 6:48 | BossRice . Bán gạo ST25 · first_building Donjon |
| 7:36 | LONGTIGER · first_building Barracks |
| 8:04 | Gà Con Biết Gáy · first_building Barracks |
| 8:05 | Tiny Airlane · first_building Barracks |
| 8:06 | LONGTIGER · wall_segment Palisade Wall x7 |
| 8:07 | VNS_Cheng__ · first_building Barracks |
| 8:08 | LONGTIGER · wall_segment Palisade Wall x1 |
| 8:10 | LONGTIGER · wall_segment Palisade Wall x1 |
| 8:14 | VNG_BOM BÔNG · first_building Barracks |
| 8:23 | :)) · first_building Barracks |
| 8:39 | BossRice . Bán gạo ST25 · age_up feudal |
| 8:43 | BossRice . Bán gạo ST25 · first_building Stable |
| 8:45 | Giáp · first_building Barracks |
| 8:47 | Gà Con Biết Gáy · wall_segment Palisade Wall x1 |
| 8:51 | Gà Con Biết Gáy · age_up feudal |
| 8:56 | :)) · age_up feudal |
| 8:59 | LONGTIGER · age_up feudal |
| 9:00 | LONGTIGER · first_building Stable |
| 9:02 | Tiny Airlane · age_up feudal |
| 9:05 | Gà Con Biết Gáy · wall_segment Palisade Wall x1 |
| 9:06 | Tiny Airlane · first_building Archery Range |
| 9:13 | LONGTIGER · wall_segment Palisade Wall x1 |
| 9:15 | LONGTIGER · wall_segment Palisade Wall x4 |
| 9:16 | VNS_Cheng__ · age_up feudal |
| 9:16 | VNG_BOM BÔNG · wall_segment Palisade Wall x5 |
| 9:17 | :)) · first_building Stable |
| 9:18 | LONGTIGER · wall_segment Palisade Wall x8 |
| 9:18 | VNS_Cheng__ · first_building Archery Range |
| 9:20 | VNG_BOM BÔNG · age_up feudal |
| 9:27 | Giáp · age_up feudal |
| 9:29 | Gà Con Biết Gáy · first_building Archery Range |
| 9:34 | Giáp · first_building Archery Range |
| 9:42 | Giáp · wall_segment Palisade Wall x4 |
| 9:47 | :)) · wall_segment Palisade Wall x8 |
| 10:00 | VNG_BOM BÔNG · first_building Archery Range |
| 10:24 | Giáp · wall_segment Palisade Wall x3 |
| 10:26 | Giáp · wall_segment Palisade Wall x1 |
| 10:27 | Giáp · wall_segment Palisade Wall x1 |
| 10:34 | VNG_BOM BÔNG · wall_segment Palisade Wall x7 |
| 10:41 | LONGTIGER · wall_segment Palisade Wall x10 |
| 10:41 | Tiny Airlane · wall_segment Palisade Wall x1 |
| 11:06 | VNS_Cheng__ · wall_segment Palisade Wall x4 |
| 11:09 | VNG_BOM BÔNG · wall_segment Palisade Wall x5 |
| 11:11 | Giáp · wall_segment Palisade Wall x11 |
| 11:11 | LONGTIGER · wall_segment Palisade Wall x5 |
| 11:41 | VNG_BOM BÔNG · wall_segment Palisade Wall x7 |
| 11:57 | Giáp · wall_segment Palisade Wall x10 |
| 12:11 | LONGTIGER · wall_segment Palisade Wall x3 |
| 12:14 | LONGTIGER · wall_segment Palisade Wall x6 |
| 12:17 | LONGTIGER · wall_segment Palisade Wall x9 |
| 12:20 | BossRice . Bán gạo ST25 · wall_segment Palisade Wall x5 |
| 12:47 | :)) · wall_segment Palisade Wall x9 |
| 12:48 | Gà Con Biết Gáy · wall_segment Palisade Wall x1 |
| 12:57 | VNG_BOM BÔNG · wall_segment Palisade Wall x6 |
| 13:04 | BossRice . Bán gạo ST25 · wall_segment Palisade Wall x4 |
| 13:22 | :)) · first_market_sell 100 stone |
| 13:23 | :)) · first_market_buy 100 food |
| 13:26 | BossRice . Bán gạo ST25 · wall_segment Palisade Wall x1 |
| 13:41 | Giáp · wall_segment Palisade Wall x5 |
| 13:41 | Tiny Airlane · wall_segment Palisade Wall x10 |
| 13:44 | Giáp · wall_segment Palisade Wall x3 |
| 13:53 | Giáp · wall_segment Palisade Wall x8 |
| 14:38 | Tiny Airlane · wall_segment Palisade Wall x1 |
| 14:53 | VNG_BOM BÔNG · wall_segment Palisade Wall x3 |
| 15:36 | VNG_BOM BÔNG · wall_segment Palisade Wall x1 |
| 15:39 | :)) · wall_segment Palisade Wall x4 |
| 15:40 | Giáp · wall_segment Palisade Wall x1 |
| 15:43 | BossRice . Bán gạo ST25 · wall_segment Palisade Wall x4 |
| 15:56 | BossRice . Bán gạo ST25 · wall_segment Palisade Wall x6 |
| 17:24 | Gà Con Biết Gáy · wall_segment Palisade Wall x1 |
| 17:26 | BossRice . Bán gạo ST25 · wall_segment Palisade Wall x3 |
| 17:39 | Tiny Airlane · wall_segment Palisade Wall x19 |
| 17:41 | Gà Con Biết Gáy · wall_segment Palisade Wall x1 |
| 18:22 | Giáp · wall_segment Palisade Wall x2 |
| 18:47 | BossRice . Bán gạo ST25 · first_market_sell 500 wood |
| 18:49 | BossRice . Bán gạo ST25 · first_market_buy 100 food |
| 19:01 | BossRice . Bán gạo ST25 · wall_segment Palisade Wall x3 |
| 19:04 | BossRice . Bán gạo ST25 · wall_segment Palisade Wall x4 |
| 19:06 | BossRice . Bán gạo ST25 · wall_segment Palisade Wall x1 |
| 19:06 | BossRice . Bán gạo ST25 · wall_segment Palisade Wall x1 |
| 19:22 | Gà Con Biết Gáy · first_market_buy 100 food |
| 19:31 | BossRice . Bán gạo ST25 · wall_segment Palisade Wall x1 |
| 19:33 | BossRice . Bán gạo ST25 · wall_segment Palisade Wall x1 |
| 19:39 | BossRice . Bán gạo ST25 · wall_segment Palisade Wall x1 |
| 20:40 | VNS_Cheng__ · age_up castle |
| 21:12 | VNG_BOM BÔNG · first_market_buy 100 food |
| 21:15 | VNG_BOM BÔNG · first_market_sell 100 wood |
| 21:20 | LONGTIGER · age_up castle |
| 21:51 | BossRice . Bán gạo ST25 · age_up castle |
| 21:59 | Giáp · age_up castle |
| 22:03 | Gà Con Biết Gáy · age_up castle |
| 22:25 | :)) · age_up castle |
| 22:30 | VNS_Cheng__ · wall_segment Palisade Wall x1 |
| 22:33 | VNS_Cheng__ · wall_segment Palisade Wall x1 |
| 22:35 | VNS_Cheng__ · wall_segment Palisade Wall x1 |
| 22:37 | VNS_Cheng__ · wall_segment Palisade Wall x1 |
| 22:38 | VNG_BOM BÔNG · wall_segment Palisade Wall x5 |
| 22:59 | Gà Con Biết Gáy · wall_segment Palisade Wall x1 |
| 23:16 | BossRice . Bán gạo ST25 · first_building Monastery |
| 23:18 | Tiny Airlane · wall_segment Palisade Wall x1 |
| 23:23 | Tiny Airlane · age_up castle |
| 24:03 | VNG_BOM BÔNG · age_up castle |
| 24:29 | Gà Con Biết Gáy · wall_segment Palisade Wall x1 |
| 24:30 | Gà Con Biết Gáy · wall_segment Palisade Wall x1 |
| 25:24 | Gà Con Biết Gáy · first_market_sell 100 food |
| 25:50 | VNG_BOM BÔNG · first_building Siege Workshop |
| 26:29 | Tiny Airlane · first_market_sell 100 food |
| 29:50 | Gà Con Biết Gáy · first_building Siege Workshop |
| 30:00 | Giáp · first_market_buy 100 stone |
| 30:05 | VNS_Cheng__ · first_building Siege Workshop |
| 30:08 | :)) · first_building Siege Workshop |
| 30:46 | Giáp · wall_segment Stone Wall x9 |
| 31:14 | Gà Con Biết Gáy · wall_segment Palisade Wall x1 |
| 31:15 | Gà Con Biết Gáy · wall_segment Palisade Wall x1 |
| 32:03 | LONGTIGER · first_building Castle |
| 32:04 | Tiny Airlane · first_market_buy 100 wood |
| 32:22 | Giáp · first_building Monastery |
| 33:07 | Tiny Airlane · first_building Monastery |
| 35:05 | VNS_Cheng__ · age_up imperial |
| 35:10 | VNS_Cheng__ · first_market_sell 100 food |
| 36:00 | VNG_BOM BÔNG · wall_segment Palisade Wall x1 |
| 36:16 | Giáp · age_up imperial |
| 36:39 | Tiny Airlane · first_building Castle |
| 36:41 | Giáp · first_market_sell 100 wood |
| 36:47 | VNS_Cheng__ · first_building Castle |
| 36:48 | Tiny Airlane · first_building Stable |
| 36:56 | BossRice . Bán gạo ST25 · wall_segment Palisade Wall x1 |
| 38:09 | BossRice . Bán gạo ST25 · wall_segment Palisade Wall x1 |
| 38:27 | Gà Con Biết Gáy · age_up imperial |
| 38:58 | VNG_BOM BÔNG · first_building Castle |
| 39:33 | :)) · first_building Monastery |
| 39:37 | Tiny Airlane · age_up imperial |
| 39:56 | BossRice . Bán gạo ST25 · wall_segment Palisade Wall x1 |
| 40:20 | LONGTIGER · age_up imperial |
| 41:05 | :)) · first_building Castle |
| 41:13 | Gà Con Biết Gáy · first_building Castle |
| 42:29 | LONGTIGER · first_market_sell 100 food |
| 43:21 | :)) · age_up imperial |
| 43:40 | Giáp · first_building Castle |
| 43:44 | VNS_Cheng__ · tribute_sent a jugador 1 |
| 43:44 | VNS_Cheng__ · tribute_sent a jugador 2 |
| 43:44 | VNS_Cheng__ · tribute_sent a jugador 3 |
| 43:44 | VNS_Cheng__ · tribute_sent a jugador 4 |
| 43:44 | VNS_Cheng__ · tribute_sent a jugador 5 |
| 43:44 | VNS_Cheng__ · tribute_sent a jugador 6 |
| 43:44 | VNS_Cheng__ · tribute_sent a jugador 8 |
| 44:19 | VNG_BOM BÔNG · wall_segment Palisade Wall x1 |
| 44:23 | VNG_BOM BÔNG · wall_segment Palisade Wall x1 |
| 44:26 | VNG_BOM BÔNG · wall_segment Palisade Wall x1 |
| 44:29 | VNS_Cheng__ · tribute_sent a jugador 1 |
| 44:29 | VNS_Cheng__ · tribute_sent a jugador 2 |
| 44:29 | VNS_Cheng__ · tribute_sent a jugador 3 |
| 44:29 | VNS_Cheng__ · tribute_sent a jugador 4 |
| 44:29 | VNS_Cheng__ · tribute_sent a jugador 5 |
| 44:29 | VNS_Cheng__ · tribute_sent a jugador 6 |
| 44:29 | VNS_Cheng__ · tribute_sent a jugador 8 |
| 44:43 | VNG_BOM BÔNG · age_up imperial |
| 45:34 | VNS_Cheng__ · tribute_sent a jugador 1 |
| 45:34 | VNS_Cheng__ · tribute_sent a jugador 2 |
| 45:34 | VNS_Cheng__ · tribute_sent a jugador 3 |
| 45:34 | VNS_Cheng__ · tribute_sent a jugador 4 |
| 45:34 | VNS_Cheng__ · tribute_sent a jugador 5 |
| 45:34 | VNS_Cheng__ · tribute_sent a jugador 6 |
| 45:34 | VNS_Cheng__ · tribute_sent a jugador 8 |
| 46:59 | VNS_Cheng__ · tribute_sent a jugador 1 |
| 46:59 | VNS_Cheng__ · tribute_sent a jugador 2 |
| 46:59 | VNS_Cheng__ · tribute_sent a jugador 3 |
| 46:59 | VNS_Cheng__ · tribute_sent a jugador 4 |
| 46:59 | VNS_Cheng__ · tribute_sent a jugador 5 |
| 46:59 | VNS_Cheng__ · tribute_sent a jugador 6 |
| 46:59 | VNS_Cheng__ · tribute_sent a jugador 8 |
| 47:05 | VNS_Cheng__ · tribute_sent a jugador 1 |
| 47:05 | VNS_Cheng__ · tribute_sent a jugador 2 |
| 47:05 | VNS_Cheng__ · tribute_sent a jugador 3 |
| 47:05 | VNS_Cheng__ · tribute_sent a jugador 4 |
| 47:05 | VNS_Cheng__ · tribute_sent a jugador 5 |
| 47:05 | VNS_Cheng__ · tribute_sent a jugador 6 |
| 47:05 | VNS_Cheng__ · tribute_sent a jugador 8 |
| 47:19 | VNS_Cheng__ · tribute_sent a jugador 1 |
| 47:19 | VNS_Cheng__ · tribute_sent a jugador 2 |
| 47:19 | VNS_Cheng__ · tribute_sent a jugador 3 |
| 47:19 | VNS_Cheng__ · tribute_sent a jugador 4 |
| 47:19 | VNS_Cheng__ · tribute_sent a jugador 5 |
| 47:19 | VNS_Cheng__ · tribute_sent a jugador 6 |
| 47:19 | VNS_Cheng__ · tribute_sent a jugador 8 |
| 48:25 | Giáp · wall_segment Stone Wall x1 |
| 48:35 | BossRice . Bán gạo ST25 · first_building Castle |
| 49:08 | BossRice . Bán gạo ST25 · age_up imperial |
| 49:38 | :)) · first_building Archery Range |
| 50:38 | VNS_Cheng__ · tribute_sent a jugador 1 |
| 50:38 | VNS_Cheng__ · tribute_sent a jugador 2 |
| 50:38 | VNS_Cheng__ · tribute_sent a jugador 3 |
| 50:38 | VNS_Cheng__ · tribute_sent a jugador 4 |
| 50:38 | VNS_Cheng__ · tribute_sent a jugador 5 |
| 50:38 | VNS_Cheng__ · tribute_sent a jugador 6 |
| 50:38 | VNS_Cheng__ · tribute_sent a jugador 8 |
| 50:50 | Giáp · wall_segment Stone Wall x1 |
| 50:59 | Giáp · wall_segment Stone Wall x1 |
| 51:01 | VNS_Cheng__ · first_market_buy 100 wood |
| 51:07 | LONGTIGER · first_building Archery Range |
| 51:35 | VNS_Cheng__ · tribute_sent a jugador 1 |
| 51:35 | VNS_Cheng__ · tribute_sent a jugador 2 |
| 51:35 | VNS_Cheng__ · tribute_sent a jugador 3 |
| 51:35 | VNS_Cheng__ · tribute_sent a jugador 4 |
| 51:35 | VNS_Cheng__ · tribute_sent a jugador 5 |
| 51:35 | VNS_Cheng__ · tribute_sent a jugador 6 |
| 51:35 | VNS_Cheng__ · tribute_sent a jugador 8 |
| 52:28 | VNS_Cheng__ · tribute_sent a jugador 1 |
| 52:28 | VNS_Cheng__ · tribute_sent a jugador 2 |
| 52:28 | VNS_Cheng__ · tribute_sent a jugador 3 |
| 52:28 | VNS_Cheng__ · tribute_sent a jugador 4 |
| 52:28 | VNS_Cheng__ · tribute_sent a jugador 5 |
| 52:28 | VNS_Cheng__ · tribute_sent a jugador 6 |
| 52:28 | VNS_Cheng__ · tribute_sent a jugador 8 |
| 53:16 | LONGTIGER · first_building Monastery |
| 53:41 | VNS_Cheng__ · tribute_sent a jugador 1 |
| 53:41 | VNS_Cheng__ · tribute_sent a jugador 2 |
| 53:41 | VNS_Cheng__ · tribute_sent a jugador 3 |
| 53:41 | VNS_Cheng__ · tribute_sent a jugador 4 |
| 53:41 | VNS_Cheng__ · tribute_sent a jugador 5 |
| 53:41 | VNS_Cheng__ · tribute_sent a jugador 6 |
| 53:41 | VNS_Cheng__ · tribute_sent a jugador 8 |
| 53:52 | Tiny Airlane · first_building Siege Workshop |
| 53:55 | VNS_Cheng__ · tribute_sent a jugador 1 |
| 53:55 | VNS_Cheng__ · tribute_sent a jugador 2 |
| 53:55 | VNS_Cheng__ · tribute_sent a jugador 3 |
| 53:55 | VNS_Cheng__ · tribute_sent a jugador 4 |
| 53:55 | VNS_Cheng__ · tribute_sent a jugador 5 |
| 53:55 | VNS_Cheng__ · tribute_sent a jugador 6 |
| 53:55 | VNS_Cheng__ · tribute_sent a jugador 8 |
| 54:19 | Giáp · first_building Siege Workshop |
| 56:43 | VNG_BOM BÔNG · tribute_sent a jugador 1 |
| 56:43 | VNG_BOM BÔNG · tribute_sent a jugador 2 |
| 56:43 | VNG_BOM BÔNG · tribute_sent a jugador 4 |
| 56:43 | VNG_BOM BÔNG · tribute_sent a jugador 5 |
| 56:43 | VNG_BOM BÔNG · tribute_sent a jugador 6 |
| 56:43 | VNG_BOM BÔNG · tribute_sent a jugador 7 |
| 56:43 | VNG_BOM BÔNG · tribute_sent a jugador 8 |
| 57:41 | VNS_Cheng__ · tribute_sent a jugador 1 |
| 57:41 | VNS_Cheng__ · tribute_sent a jugador 2 |
| 57:41 | VNS_Cheng__ · tribute_sent a jugador 3 |
| 57:41 | VNS_Cheng__ · tribute_sent a jugador 4 |
| 57:41 | VNS_Cheng__ · tribute_sent a jugador 5 |
| 57:41 | VNS_Cheng__ · tribute_sent a jugador 6 |
| 57:41 | VNS_Cheng__ · tribute_sent a jugador 8 |
| 58:53 | VNS_Cheng__ · tribute_sent a jugador 1 |
| 58:53 | VNS_Cheng__ · tribute_sent a jugador 2 |
| 58:53 | VNS_Cheng__ · tribute_sent a jugador 3 |
| 58:53 | VNS_Cheng__ · tribute_sent a jugador 4 |
| 58:53 | VNS_Cheng__ · tribute_sent a jugador 5 |
| 58:53 | VNS_Cheng__ · tribute_sent a jugador 6 |
| 58:53 | VNS_Cheng__ · tribute_sent a jugador 8 |
| 59:30 | VNS_Cheng__ · tribute_sent a jugador 1 |
| 59:30 | VNS_Cheng__ · tribute_sent a jugador 2 |
| 59:30 | VNS_Cheng__ · tribute_sent a jugador 3 |
| 59:30 | VNS_Cheng__ · tribute_sent a jugador 4 |
| 59:30 | VNS_Cheng__ · tribute_sent a jugador 5 |
| 59:30 | VNS_Cheng__ · tribute_sent a jugador 6 |
| 59:30 | VNS_Cheng__ · tribute_sent a jugador 8 |
| 59:52 | VNS_Cheng__ · tribute_sent a jugador 1 |
| 59:52 | VNS_Cheng__ · tribute_sent a jugador 2 |
| 59:52 | VNS_Cheng__ · tribute_sent a jugador 3 |
| 59:52 | VNS_Cheng__ · tribute_sent a jugador 4 |
| 59:52 | VNS_Cheng__ · tribute_sent a jugador 5 |
| 59:52 | VNS_Cheng__ · tribute_sent a jugador 6 |
| 59:52 | VNS_Cheng__ · tribute_sent a jugador 8 |
| 60:00 | :)) · tribute_sent a jugador 1 |
| 60:00 | :)) · tribute_sent a jugador 2 |
| 60:00 | :)) · tribute_sent a jugador 3 |
| 60:00 | :)) · tribute_sent a jugador 4 |
| 60:00 | :)) · tribute_sent a jugador 5 |
| 60:00 | :)) · tribute_sent a jugador 6 |
| 60:00 | :)) · tribute_sent a jugador 7 |
| 60:18 | VNS_Cheng__ · tribute_sent a jugador 1 |
| 60:18 | VNS_Cheng__ · tribute_sent a jugador 2 |
| 60:18 | VNS_Cheng__ · tribute_sent a jugador 3 |
| 60:18 | VNS_Cheng__ · tribute_sent a jugador 4 |
| 60:18 | VNS_Cheng__ · tribute_sent a jugador 5 |
| 60:18 | VNS_Cheng__ · tribute_sent a jugador 6 |
| 60:18 | VNS_Cheng__ · tribute_sent a jugador 8 |
| 60:53 | VNS_Cheng__ · tribute_sent a jugador 1 |
| 60:53 | VNS_Cheng__ · tribute_sent a jugador 2 |
| 60:53 | VNS_Cheng__ · tribute_sent a jugador 3 |
| 60:53 | VNS_Cheng__ · tribute_sent a jugador 4 |
| 60:53 | VNS_Cheng__ · tribute_sent a jugador 5 |
| 60:53 | VNS_Cheng__ · tribute_sent a jugador 6 |
| 60:53 | VNS_Cheng__ · tribute_sent a jugador 8 |
| 60:56 | VNG_BOM BÔNG · first_building Stable |
| 61:22 | VNS_Cheng__ · tribute_sent a jugador 1 |
| 61:22 | VNS_Cheng__ · tribute_sent a jugador 2 |
| 61:22 | VNS_Cheng__ · tribute_sent a jugador 3 |
| 61:22 | VNS_Cheng__ · tribute_sent a jugador 4 |
| 61:22 | VNS_Cheng__ · tribute_sent a jugador 5 |
| 61:22 | VNS_Cheng__ · tribute_sent a jugador 6 |
| 61:22 | VNS_Cheng__ · tribute_sent a jugador 8 |
| 61:24 | VNG_BOM BÔNG · tribute_sent a jugador 1 |
| 61:24 | VNG_BOM BÔNG · tribute_sent a jugador 2 |
| 61:24 | VNG_BOM BÔNG · tribute_sent a jugador 4 |
| 61:24 | VNG_BOM BÔNG · tribute_sent a jugador 5 |
| 61:24 | VNG_BOM BÔNG · tribute_sent a jugador 6 |
| 61:24 | VNG_BOM BÔNG · tribute_sent a jugador 7 |
| 61:24 | VNG_BOM BÔNG · tribute_sent a jugador 8 |
| 62:59 | VNS_Cheng__ · tribute_sent a jugador 1 |
| 62:59 | VNS_Cheng__ · tribute_sent a jugador 2 |
| 62:59 | VNS_Cheng__ · tribute_sent a jugador 3 |
| 62:59 | VNS_Cheng__ · tribute_sent a jugador 4 |
| 62:59 | VNS_Cheng__ · tribute_sent a jugador 5 |
| 62:59 | VNS_Cheng__ · tribute_sent a jugador 6 |
| 62:59 | VNS_Cheng__ · tribute_sent a jugador 8 |
| 63:32 | :)) · tribute_sent a jugador 1 |
| 63:32 | :)) · tribute_sent a jugador 2 |
| 63:32 | :)) · tribute_sent a jugador 3 |
| 63:32 | :)) · tribute_sent a jugador 4 |
| 63:32 | :)) · tribute_sent a jugador 5 |
| 63:32 | :)) · tribute_sent a jugador 6 |
| 63:32 | :)) · tribute_sent a jugador 7 |
| 63:38 | VNS_Cheng__ · tribute_sent a jugador 1 |
| 63:38 | VNS_Cheng__ · tribute_sent a jugador 2 |
| 63:38 | VNS_Cheng__ · tribute_sent a jugador 3 |
| 63:38 | VNS_Cheng__ · tribute_sent a jugador 4 |
| 63:38 | VNS_Cheng__ · tribute_sent a jugador 5 |
| 63:38 | VNS_Cheng__ · tribute_sent a jugador 6 |
| 63:38 | VNS_Cheng__ · tribute_sent a jugador 8 |
| 64:41 | LONGTIGER · tribute_sent a jugador 1 |
| 64:41 | LONGTIGER · tribute_sent a jugador 2 |
| 64:41 | LONGTIGER · tribute_sent a jugador 3 |
| 64:41 | LONGTIGER · tribute_sent a jugador 4 |
| 64:41 | LONGTIGER · tribute_sent a jugador 5 |
| 64:41 | LONGTIGER · tribute_sent a jugador 7 |
| 64:41 | LONGTIGER · tribute_sent a jugador 8 |
| 65:01 | VNS_Cheng__ · tribute_sent a jugador 1 |
| 65:01 | VNS_Cheng__ · tribute_sent a jugador 2 |
| 65:01 | VNS_Cheng__ · tribute_sent a jugador 3 |
| 65:01 | VNS_Cheng__ · tribute_sent a jugador 4 |
| 65:01 | VNS_Cheng__ · tribute_sent a jugador 5 |
| 65:01 | VNS_Cheng__ · tribute_sent a jugador 6 |
| 65:01 | VNS_Cheng__ · tribute_sent a jugador 8 |
| 66:05 | Tiny Airlane · tribute_sent a jugador 1 |
| 66:05 | Tiny Airlane · tribute_sent a jugador 2 |
| 66:05 | Tiny Airlane · tribute_sent a jugador 3 |
| 66:05 | Tiny Airlane · tribute_sent a jugador 5 |
| 66:05 | Tiny Airlane · tribute_sent a jugador 6 |
| 66:05 | Tiny Airlane · tribute_sent a jugador 7 |
| 66:05 | Tiny Airlane · tribute_sent a jugador 8 |
| 66:14 | LONGTIGER · tribute_sent a jugador 1 |
| 66:14 | LONGTIGER · tribute_sent a jugador 2 |
| 66:14 | LONGTIGER · tribute_sent a jugador 3 |
| 66:14 | LONGTIGER · tribute_sent a jugador 4 |
| 66:14 | LONGTIGER · tribute_sent a jugador 5 |
| 66:14 | LONGTIGER · tribute_sent a jugador 7 |
| 66:14 | LONGTIGER · tribute_sent a jugador 8 |
| 66:21 | Gà Con Biết Gáy · tribute_sent a jugador 2 |
| 66:21 | Gà Con Biết Gáy · tribute_sent a jugador 3 |
| 66:21 | Gà Con Biết Gáy · tribute_sent a jugador 4 |
| 66:21 | Gà Con Biết Gáy · tribute_sent a jugador 5 |
| 66:21 | Gà Con Biết Gáy · tribute_sent a jugador 6 |
| 66:21 | Gà Con Biết Gáy · tribute_sent a jugador 7 |
| 66:21 | Gà Con Biết Gáy · tribute_sent a jugador 8 |
| 66:28 | Tiny Airlane · tribute_sent a jugador 1 |
| 66:28 | Tiny Airlane · tribute_sent a jugador 2 |
| 66:28 | Tiny Airlane · tribute_sent a jugador 3 |
| 66:28 | Tiny Airlane · tribute_sent a jugador 5 |
| 66:28 | Tiny Airlane · tribute_sent a jugador 6 |
| 66:28 | Tiny Airlane · tribute_sent a jugador 7 |
| 66:28 | Tiny Airlane · tribute_sent a jugador 8 |
| 68:22 | Gà Con Biết Gáy · tribute_sent a jugador 2 |
| 68:22 | Gà Con Biết Gáy · tribute_sent a jugador 3 |
| 68:22 | Gà Con Biết Gáy · tribute_sent a jugador 4 |
| 68:22 | Gà Con Biết Gáy · tribute_sent a jugador 5 |
| 68:22 | Gà Con Biết Gáy · tribute_sent a jugador 6 |
| 68:22 | Gà Con Biết Gáy · tribute_sent a jugador 7 |
| 68:22 | Gà Con Biết Gáy · tribute_sent a jugador 8 |
| 68:56 | VNS_Cheng__ · tribute_sent a jugador 1 |
| 68:56 | VNS_Cheng__ · tribute_sent a jugador 2 |
| 68:56 | VNS_Cheng__ · tribute_sent a jugador 3 |
| 68:56 | VNS_Cheng__ · tribute_sent a jugador 4 |
| 68:56 | VNS_Cheng__ · tribute_sent a jugador 5 |
| 68:56 | VNS_Cheng__ · tribute_sent a jugador 6 |
| 68:56 | VNS_Cheng__ · tribute_sent a jugador 8 |
| 70:32 | :)) · tribute_sent a jugador 1 |
| 70:32 | :)) · tribute_sent a jugador 2 |
| 70:32 | :)) · tribute_sent a jugador 3 |
| 70:32 | :)) · tribute_sent a jugador 4 |
| 70:32 | :)) · tribute_sent a jugador 5 |
| 70:32 | :)) · tribute_sent a jugador 6 |
| 70:32 | :)) · tribute_sent a jugador 7 |
| 71:10 | LONGTIGER · tribute_sent a jugador 1 |
| 71:10 | LONGTIGER · tribute_sent a jugador 2 |
| 71:10 | LONGTIGER · tribute_sent a jugador 3 |
| 71:10 | LONGTIGER · tribute_sent a jugador 4 |
| 71:10 | LONGTIGER · tribute_sent a jugador 5 |
| 71:10 | LONGTIGER · tribute_sent a jugador 7 |
| 71:10 | LONGTIGER · tribute_sent a jugador 8 |
| 72:16 | VNS_Cheng__ · tribute_sent a jugador 1 |
| 72:16 | VNS_Cheng__ · tribute_sent a jugador 2 |
| 72:16 | VNS_Cheng__ · tribute_sent a jugador 3 |
| 72:16 | VNS_Cheng__ · tribute_sent a jugador 4 |
| 72:16 | VNS_Cheng__ · tribute_sent a jugador 5 |
| 72:16 | VNS_Cheng__ · tribute_sent a jugador 6 |
| 72:16 | VNS_Cheng__ · tribute_sent a jugador 8 |
| 72:22 | :)) · tribute_sent a jugador 1 |
| 72:22 | :)) · tribute_sent a jugador 2 |
| 72:22 | :)) · tribute_sent a jugador 3 |
| 72:22 | :)) · tribute_sent a jugador 4 |
| 72:22 | :)) · tribute_sent a jugador 5 |
| 72:22 | :)) · tribute_sent a jugador 6 |
| 72:22 | :)) · tribute_sent a jugador 7 |
| 73:19 | Gà Con Biết Gáy · tribute_sent a jugador 2 |
| 73:19 | Gà Con Biết Gáy · tribute_sent a jugador 3 |
| 73:19 | Gà Con Biết Gáy · tribute_sent a jugador 4 |
| 73:19 | Gà Con Biết Gáy · tribute_sent a jugador 5 |
| 73:19 | Gà Con Biết Gáy · tribute_sent a jugador 6 |
| 73:19 | Gà Con Biết Gáy · tribute_sent a jugador 7 |
| 73:19 | Gà Con Biết Gáy · tribute_sent a jugador 8 |
| 74:09 | VNS_Cheng__ · tribute_sent a jugador 1 |
| 74:09 | VNS_Cheng__ · tribute_sent a jugador 2 |
| 74:09 | VNS_Cheng__ · tribute_sent a jugador 3 |
| 74:09 | VNS_Cheng__ · tribute_sent a jugador 4 |
| 74:09 | VNS_Cheng__ · tribute_sent a jugador 5 |
| 74:09 | VNS_Cheng__ · tribute_sent a jugador 6 |
| 74:09 | VNS_Cheng__ · tribute_sent a jugador 8 |
| 75:32 | BossRice . Bán gạo ST25 · tribute_sent a jugador 1 |
| 75:32 | BossRice . Bán gạo ST25 · tribute_sent a jugador 3 |
| 75:32 | BossRice . Bán gạo ST25 · tribute_sent a jugador 4 |
| 75:32 | BossRice . Bán gạo ST25 · tribute_sent a jugador 5 |
| 75:32 | BossRice . Bán gạo ST25 · tribute_sent a jugador 6 |
| 75:32 | BossRice . Bán gạo ST25 · tribute_sent a jugador 7 |
| 75:32 | BossRice . Bán gạo ST25 · tribute_sent a jugador 8 |
| 76:57 | VNS_Cheng__ · tribute_sent a jugador 1 |
| 76:57 | VNS_Cheng__ · tribute_sent a jugador 2 |
| 76:57 | VNS_Cheng__ · tribute_sent a jugador 3 |
| 76:57 | VNS_Cheng__ · tribute_sent a jugador 4 |
| 76:57 | VNS_Cheng__ · tribute_sent a jugador 5 |
| 76:57 | VNS_Cheng__ · tribute_sent a jugador 6 |
| 76:57 | VNS_Cheng__ · tribute_sent a jugador 8 |
| 79:55 | VNS_Cheng__ · tribute_sent a jugador 1 |
| 79:55 | VNS_Cheng__ · tribute_sent a jugador 2 |
| 79:55 | VNS_Cheng__ · tribute_sent a jugador 3 |
| 79:55 | VNS_Cheng__ · tribute_sent a jugador 4 |
| 79:55 | VNS_Cheng__ · tribute_sent a jugador 5 |
| 79:55 | VNS_Cheng__ · tribute_sent a jugador 6 |
| 79:55 | VNS_Cheng__ · tribute_sent a jugador 8 |
| 81:19 | VNS_Cheng__ · tribute_sent a jugador 1 |
| 81:19 | VNS_Cheng__ · tribute_sent a jugador 2 |
| 81:19 | VNS_Cheng__ · tribute_sent a jugador 3 |
| 81:19 | VNS_Cheng__ · tribute_sent a jugador 4 |
| 81:19 | VNS_Cheng__ · tribute_sent a jugador 5 |
| 81:19 | VNS_Cheng__ · tribute_sent a jugador 6 |
| 81:19 | VNS_Cheng__ · tribute_sent a jugador 8 |
| 81:51 | VNS_Cheng__ · tribute_sent a jugador 1 |
| 81:51 | VNS_Cheng__ · tribute_sent a jugador 2 |
| 81:51 | VNS_Cheng__ · tribute_sent a jugador 3 |
| 81:51 | VNS_Cheng__ · tribute_sent a jugador 4 |
| 81:51 | VNS_Cheng__ · tribute_sent a jugador 5 |
| 81:51 | VNS_Cheng__ · tribute_sent a jugador 6 |
| 81:51 | VNS_Cheng__ · tribute_sent a jugador 8 |
| 82:52 | BossRice . Bán gạo ST25 · tribute_sent a jugador 1 |
| 82:52 | BossRice . Bán gạo ST25 · tribute_sent a jugador 3 |
| 82:52 | BossRice . Bán gạo ST25 · tribute_sent a jugador 4 |
| 82:52 | BossRice . Bán gạo ST25 · tribute_sent a jugador 5 |
| 82:52 | BossRice . Bán gạo ST25 · tribute_sent a jugador 6 |
| 82:52 | BossRice . Bán gạo ST25 · tribute_sent a jugador 7 |
| 82:52 | BossRice . Bán gạo ST25 · tribute_sent a jugador 8 |
| 82:59 | VNS_Cheng__ · tribute_sent a jugador 1 |
| 82:59 | VNS_Cheng__ · tribute_sent a jugador 2 |
| 82:59 | VNS_Cheng__ · tribute_sent a jugador 3 |
| 82:59 | VNS_Cheng__ · tribute_sent a jugador 4 |
| 82:59 | VNS_Cheng__ · tribute_sent a jugador 5 |
| 82:59 | VNS_Cheng__ · tribute_sent a jugador 6 |
| 82:59 | VNS_Cheng__ · tribute_sent a jugador 8 |
| 82:59 | LONGTIGER · first_building Siege Workshop |
| 83:42 | BossRice . Bán gạo ST25 · tribute_sent a jugador 1 |
| 83:42 | BossRice . Bán gạo ST25 · tribute_sent a jugador 3 |
| 83:42 | BossRice . Bán gạo ST25 · tribute_sent a jugador 4 |
| 83:42 | BossRice . Bán gạo ST25 · tribute_sent a jugador 5 |
| 83:42 | BossRice . Bán gạo ST25 · tribute_sent a jugador 6 |
| 83:42 | BossRice . Bán gạo ST25 · tribute_sent a jugador 7 |
| 83:42 | BossRice . Bán gạo ST25 · tribute_sent a jugador 8 |
| 88:58 | Giáp · wall_segment Stone Wall x13 |
| 89:07 | VNS_Cheng__ · first_building Stable |
| 89:59 | VNS_Cheng__ · tribute_sent a jugador 1 |
| 89:59 | VNS_Cheng__ · tribute_sent a jugador 2 |
| 89:59 | VNS_Cheng__ · tribute_sent a jugador 3 |
| 89:59 | VNS_Cheng__ · tribute_sent a jugador 4 |
| 89:59 | VNS_Cheng__ · tribute_sent a jugador 5 |
| 89:59 | VNS_Cheng__ · tribute_sent a jugador 6 |
| 89:59 | VNS_Cheng__ · tribute_sent a jugador 8 |
| 91:03 | VNS_Cheng__ · tribute_sent a jugador 1 |
| 91:03 | VNS_Cheng__ · tribute_sent a jugador 2 |
| 91:03 | VNS_Cheng__ · tribute_sent a jugador 3 |
| 91:03 | VNS_Cheng__ · tribute_sent a jugador 4 |
| 91:03 | VNS_Cheng__ · tribute_sent a jugador 5 |
| 91:03 | VNS_Cheng__ · tribute_sent a jugador 6 |
| 91:03 | VNS_Cheng__ · tribute_sent a jugador 8 |
| 91:14 | Giáp · wall_segment Palisade Wall x3 |
| 94:49 | Giáp · wall_segment Palisade Wall x5 |
| 95:25 | VNS_Cheng__ · tribute_sent a jugador 1 |
| 95:25 | VNS_Cheng__ · tribute_sent a jugador 2 |
| 95:25 | VNS_Cheng__ · tribute_sent a jugador 3 |
| 95:25 | VNS_Cheng__ · tribute_sent a jugador 4 |
| 95:25 | VNS_Cheng__ · tribute_sent a jugador 5 |
| 95:25 | VNS_Cheng__ · tribute_sent a jugador 6 |
| 95:25 | VNS_Cheng__ · tribute_sent a jugador 8 |
| 97:06 | VNS_Cheng__ · tribute_sent a jugador 1 |
| 97:06 | VNS_Cheng__ · tribute_sent a jugador 2 |
| 97:06 | VNS_Cheng__ · tribute_sent a jugador 3 |
| 97:06 | VNS_Cheng__ · tribute_sent a jugador 4 |
| 97:06 | VNS_Cheng__ · tribute_sent a jugador 5 |
| 97:06 | VNS_Cheng__ · tribute_sent a jugador 6 |
| 97:06 | VNS_Cheng__ · tribute_sent a jugador 8 |
| 98:28 | VNS_Cheng__ · tribute_sent a jugador 1 |
| 98:28 | VNS_Cheng__ · tribute_sent a jugador 2 |
| 98:28 | VNS_Cheng__ · tribute_sent a jugador 3 |
| 98:28 | VNS_Cheng__ · tribute_sent a jugador 4 |
| 98:28 | VNS_Cheng__ · tribute_sent a jugador 5 |
| 98:28 | VNS_Cheng__ · tribute_sent a jugador 6 |
| 98:28 | VNS_Cheng__ · tribute_sent a jugador 8 |
| 100:04 | VNS_Cheng__ · tribute_sent a jugador 1 |
| 100:04 | VNS_Cheng__ · tribute_sent a jugador 2 |
| 100:04 | VNS_Cheng__ · tribute_sent a jugador 3 |
| 100:04 | VNS_Cheng__ · tribute_sent a jugador 4 |
| 100:04 | VNS_Cheng__ · tribute_sent a jugador 5 |
| 100:04 | VNS_Cheng__ · tribute_sent a jugador 6 |
| 100:04 | VNS_Cheng__ · tribute_sent a jugador 8 |
| 100:23 | BossRice . Bán gạo ST25 · tribute_sent a jugador 1 |
| 100:23 | BossRice . Bán gạo ST25 · tribute_sent a jugador 3 |
| 100:23 | BossRice . Bán gạo ST25 · tribute_sent a jugador 4 |
| 100:23 | BossRice . Bán gạo ST25 · tribute_sent a jugador 5 |
| 100:23 | BossRice . Bán gạo ST25 · tribute_sent a jugador 6 |
| 100:23 | BossRice . Bán gạo ST25 · tribute_sent a jugador 7 |
| 100:23 | BossRice . Bán gạo ST25 · tribute_sent a jugador 8 |
| 100:42 | BossRice . Bán gạo ST25 · tribute_sent a jugador 1 |
| 100:42 | BossRice . Bán gạo ST25 · tribute_sent a jugador 3 |
| 100:42 | BossRice . Bán gạo ST25 · tribute_sent a jugador 4 |
| 100:42 | BossRice . Bán gạo ST25 · tribute_sent a jugador 5 |
| 100:42 | BossRice . Bán gạo ST25 · tribute_sent a jugador 6 |
| 100:42 | BossRice . Bán gạo ST25 · tribute_sent a jugador 7 |
| 100:42 | BossRice . Bán gạo ST25 · tribute_sent a jugador 8 |
| 103:14 | VNS_Cheng__ · tribute_sent a jugador 1 |
| 103:14 | VNS_Cheng__ · tribute_sent a jugador 2 |
| 103:14 | VNS_Cheng__ · tribute_sent a jugador 3 |
| 103:14 | VNS_Cheng__ · tribute_sent a jugador 4 |
| 103:14 | VNS_Cheng__ · tribute_sent a jugador 5 |
| 103:14 | VNS_Cheng__ · tribute_sent a jugador 6 |
| 103:14 | VNS_Cheng__ · tribute_sent a jugador 8 |
| 105:34 | VNS_Cheng__ · tribute_sent a jugador 1 |
| 105:34 | VNS_Cheng__ · tribute_sent a jugador 2 |
| 105:34 | VNS_Cheng__ · tribute_sent a jugador 3 |
| 105:34 | VNS_Cheng__ · tribute_sent a jugador 4 |
| 105:34 | VNS_Cheng__ · tribute_sent a jugador 5 |
| 105:34 | VNS_Cheng__ · tribute_sent a jugador 6 |
| 105:34 | VNS_Cheng__ · tribute_sent a jugador 8 |
| 106:27 | :)) · resign |
| 108:31 | BossRice . Bán gạo ST25 · tribute_sent a jugador 1 |
| 108:31 | BossRice . Bán gạo ST25 · tribute_sent a jugador 3 |
| 108:31 | BossRice . Bán gạo ST25 · tribute_sent a jugador 4 |
| 108:31 | BossRice . Bán gạo ST25 · tribute_sent a jugador 5 |
| 108:31 | BossRice . Bán gạo ST25 · tribute_sent a jugador 6 |
| 108:31 | BossRice . Bán gạo ST25 · tribute_sent a jugador 7 |
| 108:31 | BossRice . Bán gạo ST25 · tribute_sent a jugador 8 |
[ AI ANALYSIS · 1 CREDIT ]
What really happened in this match?
Wolo.gg analyzes every decision: build order, eco, micro, common mistakes by bracket. Personalized analysis on WhatsApp or Discord in 30 seconds.
Civ guide
Khitans
Perfil
Tiny Airlane